 Dungeon Crawl Stone Soup version 0.26-a0-501-g57170428f2 (webtiles) character file.

Game seed: 16725569275455856193

61 ANON1729 the Vexing (level 4, -6/44 HPs)
             Began as an Ogre Arcane Marksman on Aug 7, 2020.
             Killed by nerve-wracking pain
             ... invoked by Jessica
              (14 damage)
             ... on level 2 of the Dungeon.
             The game lasted 00:02:32 (1951 turns).

ANON1729 the Vexing (Ogre Arcane Marksman)          Turns: 1951, Time: 00:02:33

Health: -6/44      AC:  3    Str: 14    XL:     4   Next: 7%
Magic:  6/6        EV:  9    Int: 15    God:
Gold:   77         SH:  0    Dex:  9    Spells: 5/6 levels left

rFire    . . .     SeeInvis .   f - +0 dagger
rCold    . . .     Faith    .   (no shield)
rNeg     . . .     Spirit   .   a - +0 robe
rPois    .         Reflect  .   (helmet restricted)
rElec    .         Harm     .   (no cloak)
rCorr    .                      (gloves unavailable)
MR       .....                  (boots unavailable)
Stlth    +.........             (no amulet)
HPRegen  0.14/turn              g - ring of wizardry
MPRegen  0.10/turn              m - ring of flight

@: brilliant, slowed, very heavily drained, very slow
A: large, unfitting armour, tough skin 1
a: Evoke Flight


You were on level 2 of the Dungeon.
You visited 1 branch of the dungeon, and saw 2 of its levels.

You collected 77 gold pieces.

Inventory:

Hand Weapons
 f - a +0 dagger (weapon)
Armour
 a - a +0 robe (worn)
Jewellery
 g - a ring of wizardry (left hand)
 m - a ring of flight (right hand)
Scrolls
 b - a scroll of immolation {unknown}
 d - a scroll of magic mapping {unknown}
 e - a scroll of fear {unknown}
 h - a scroll of identify {unknown}
 i - a scroll of remove curse {unknown}
 k - a scroll of teleportation {unknown}


   Skills:
 * Level 2.9(0.1) Fighting
 * Level 2.7(0.0) Throwing
 + Level 2.2(0.0) Dodging
 + Level 1.9(0.0) Spellcasting
 + Level 2.9(0.1) Hexes


You had 5 spell levels left.
You knew the following spells:

 Your Spells              Type           Power        Failure   Level
a - Corona                Hex            #......      11%         1

Your spell library contained the following spells:

 Spells                   Type           Power        Failure   Level
 Slow                     Hex            #.......     16%         2
 Inner Flame              Hex/Fire       #.......     30%         3
 Portal Projectile        Hex/Tloc       #.....       30%         3
 Cause Fear               Hex            #.........   65%         4
 Leda's Liquefaction      Hex/Erth       #.........   67%         4


Dungeon Overview and Level Annotations

Branches:
Dungeon (2/15)

Altars:

Annotations:
D:2 Jessica


Innate Abilities, Weirdness & Mutations

You are too large for most types of armour.
You have tough skin. (AC +1)


Message History

You hit Jessica.
Jessica is almost dead.
Jessica gestures at you while chanting.
You feel yourself slow down.
You aren't carrying any items that you can evoke.
Sorry, you're not good enough to have a special ability.
Sorry, you're not good enough to have a special ability.
Unknown command.
You aren't carrying any items that you can evoke.
g - a ring of wizardry (left hand) Jessica closely misses you.
m - a ring of flight (right hand) Jessica barely misses you.
It was a potion of brilliance.
You feel clever all of a sudden.
The gnoll hits you from afar with a +0 spear.
* * * LOW HITPOINT WARNING * * *
Jessica casts a spell at you. Pain shoots through your body!
You die...

..
.###..≈≈........#
g .
##.(..≈.......##
##≈≈≈..≈..≈≈...≈##
#≈≈≈..≈..≈..≈..≈≈#
#≈≈...≈.⌠≈..≈..≈≈#
#≈≈..≈..≈⌠.≈...≈≈#
#(≈(g≈..≈..≈..≈≈≈#
##≈.@.≈≈..≈..≈≈≈##
##.@.....≈..≈.##
#........≈≈..#
#............#
..............#
..#.##.......###
####.. ......# #..
..... ... ....


You could see a gnoll and Jessica.

Vanquished Creatures
  A worker ant (D:2)
  An adder (D:2)
  A dart slug (D:1)
  2 leopard geckos (D:1)
  A giant cockroach (D:1)
  2 goblins
  3 hobgoblins (D:1)
  3 kobolds
  5 bats
  3 frilled lizards
  4 rats
26 creatures vanquished.

Notes
Turn   | Place    | Note
-------+----------+-------------------------------------------
     0 | D:1      | ANON1729 the Ogre Arcane Marksman began the quest for the
                  | Orb.
     0 | D:1      | Reached XP level 1. HP: 19/19 MP: 2/2
   560 | D:1      | Reached XP level 2. HP: 27/28 MP: 4/4
  1572 | D:2      | Reached XP level 3. HP: 35/35 MP: 5/5
  1586 | D:2      | Reached XP level 4. HP: 13/44 MP: 6/6
  1921 | D:2      | Noticed Jessica
  1951 | D:2      | Killed from afar by Jessica

Illustrated notes

Levels and vault maps discovered:
D:1:      tarquinn_simple_flora_water_d, layout_basic
D:2:      cheibrodos_helix_gallery, layout_rooms, uniq_jessica

Skill      XL: |  1  2 |
---------------+-------+-----
Fighting       | 2 |  2.9
Dodging        | 2 |  2.2
Throwing       | |  2.7
Spellcasting   | |  1.9
Hexes          | |  2.9

Action                   |  1- 3 |  4- 6 || total
-------------------------+-------+-------++-------
Melee: Dagger            |   135 |    27 ||   162
       Unarmed           |    11 |       ||    11
Throw: Large rock        |     6 |     5 ||    11
       Throwing net      |     1 |     1 ||     2
 Cast: Corona            |       |     2 ||     2
  Use: Potion            |     2 |     1 ||     3
 Stab: Held in net/web   |     1 |       ||     1
Armor: Robe              |    55 |    10 ||    65
       Skin              |    39 |       ||    39
Dodge: Dodged            |   104 |    12 ||   116

Table legend: (Time is in decaauts)
 A = Elapsed time spent in this place.
 B = Non-inter-level travel time spent in this place.
 C = Inter-level travel time spent in this place.
 D = Time resting spent in this place.
 E = Time spent auto-exploring this place.
 F = Levels seen in this place.
 G = Mean time per level.
                   A        B        C        D        E       F      G
               +--------+--------+--------+--------+--------+-----+--------+
         Total |   1960 |   1944 |     16 |   1038 |    587 |   2 |  980.0 |
       Dungeon |   1960 |   1944 |     16 |   1038 |    587 |   2 |  980.0 |
               +--------+--------+--------+--------+--------+-----+--------+

Top non-repeatable levels by time:
     D:1: 1527 daAuts
     D:2: 432 daAuts
